 Dungeon Crawl Stone Soup version 0.30.1 (webtiles) character file.

Game seed: 11152904490576833186

378514 monsoonserge the Minotaur Barricade (level 21, -1/224 HPs)
             Began as a Minotaur Berserker on July 11, 2023.
             Was a High Priest of Trog.
             Succumbed to a putrid mouth's dark miasma
             ... in the Vestibule of Hell on July 12, 2023.
             The game lasted 03:37:57 (49409 turns).

monsoonserge the Minotaur Barricade (MiBe)         Turns: 49409, Time: 03:37:58

Health: -1/224     AC: 32    Str: 35 (37) XL:     21   Next: 84%
Magic:  20/20      EV: 18    Int:  4      God:    Trog [*****.]
Gold:   3715       SH: 29    Dex: 11      Spells: 20/20 levels left

rFire   . . .        a - +6 morningstar of Terra Cotta {heavy, Will+ SInv}
rCold   . . .        H - +0 tower shield
rNeg    + + .        C - +9 chain mail "Porph" {rElec Dex+4 Slay+4}
rPois   +            e - +2 hat "Zoedouxuph" {Rampage rPois rN++ Dex-5}
rElec   +            V - scarf {repulsion}
rCorr   .            G - +2 pair of gloves
SInv    +            c - +1 pair of boots {Stlth+}
Will    ++...        U - amulet of reflection
Stlth   +            h - +6 ring of strength
HPRegen 0.57/turn    B - +5 ring of evasion
MPRegen 0.17/turn

%: repel missiles, reflection, rampage
@: lethally poisoned (-1 -> -11), on berserk cooldown, slowed, studying Ice
Magic, very slow
A: horns 2, retaliatory headbutt
}: 2/15 runes: barnacled, gossamer
a: Renounce Religion, Berserk, Trog's Hand, Brothers in Arms


You were in the Vestibule of Hell.
You worshipped Trog.
Trog was extremely pleased with you.
You visited 11 branches of the dungeon, and saw 42 of its levels.
You also visited: Bailey, Gauntlet, Ice Cave, Volcano and Wizlab.

You collected 4877 gold pieces.
You spent 1162 gold pieces at shops.

Inventory:

Hand Weapons
 a - the +6 morningstar of Terra Cotta (weapon) {heavy, Will+ SInv}
   (You found it on level 9 of the Dungeon)

   SInv:      It lets you see invisible.
   Will:      It increases your willpower.
 b - the +10 morningstar of Free Expression {flame, *Rage rC+++ Will++ Str-4}
   (Trog gifted it to you on level 5 of the Lair of Beasts)

   Str:       It affects your strength (-4).
   rC:        It renders you almost immune to cold.
   *Rage:     It berserks you when you make melee attacks (+20% chance).
   Will:      It greatly increases your willpower.
 R - a +2 hand crossbow of electrocution
Missiles
 w - 7 silver javelins (quivered)
 D - 5 datura-tipped darts
 M - 7 curare-tipped darts
 T - 8 throwing nets
Armour
 c - a +1 pair of boots of stealth (worn)
 e - the +2 hat "Zoedouxuph" (worn) {Rampage rPois rN++ Dex-5}
   (You found it in a Gauntlet)

   Dex:       It affects your dexterity (-5).
   rPois:     It protects you from poison.
   rN:        It greatly protects you from negative energy.
   Rampage:   It bestows one free step when moving towards enemies.
 x - a +1 cloak of preservation
 C - the +9 chain mail "Porph" (worn) {rElec Dex+4 Slay+4}
   (You found it on level 1 of the Depths)

   Dex:       It affects your dexterity (+4).
   Slay:      It affects your accuracy & damage with ranged weapons and melee
   (+4).
   rElec:     It insulates you from electricity.
 G - a +2 pair of gloves (worn)
 H - a +0 tower shield (worn)
 V - a scarf of repulsion (worn)
Jewellery
 h - a +6 ring of strength (left hand)
 n - a ring of protection from fire
 B - a +5 ring of evasion (right hand)
 K - the ring "Ekuoxoom" {rPois rN+ Will+ Dex+2}
   (You found it in an ice cave)

   [ring of positive energy]

   Dex:       It affects your dexterity (+2).
   rPois:     It protects you from poison.
   rN:        It protects you from negative energy.
   Will:      It increases your willpower.
 U - an amulet of reflection (around neck)
Wands
 u - a wand of iceblast (26)
 y - a wand of charming (19)
 E - a wand of light (35)
 O - a wand of polymorph (12)
Scrolls
 g - 7 scrolls of poison
 m - 7 scrolls of fog
 p - 7 scrolls of fear
 t - 2 scrolls of blinking
 v - 11 scrolls of teleportation
 F - 6 scrolls of magic mapping
 J - 6 scrolls of butterflies
 L - 6 scrolls of immolation
 P - a scroll of silence
 Q - 5 scrolls of enchant weapon
 W - 7 scrolls of torment
 X - 10 scrolls of enchant armour
 Z - 6 scrolls of brand weapon
Potions
 d - 12 potions of attraction
 f - 14 potions of heal wounds
 j - 11 potions of might
 k - 7 potions of ambrosia
 l - 18 potions of curing
 o - 3 potions of lignification
 q - 8 potions of resistance
 r - 5 potions of flight
 s - 6 potions of berserk rage
 z - 3 potions of cancellation
 A - 7 potions of haste
 I - 13 potions of mutation
 S - 7 potions of invisibility
Miscellaneous
 i - a box of beasts
 N - a lightning rod (4/4)
 Y - a phial of floods


   Skills:
 O Level 27 Fighting
 - Level 5.1(14.0) Axes
 + Level 19.4(19.7) Maces & Flails
 + Level 4.8(5.8) Polearms
 + Level 2.0 Ranged Weapons
 + Level 6.0 Throwing
 + Level 19.3 Armour
 + Level 9.5 Dodging
 + Level 5.1 Stealth
 O Level 27 Shields
 + Level 6.3 Evocations


You had 20 spell levels left.
You didn't know any spells.
Your spell library contained the following spells:

 Spells                   Type           Power      Damage    Failure   Level
 Foxfire                  Conj/Fire      0%         2x1d4     77%         1
 Kiss of Death            Conj/Necr      0%         2d5       77%         1
 Magic Dart               Conj           0%         1d3       77%         1
 Necrotise                Necr           0%         1d4       77%         1
 Sandblast                Erth           0%         2d4       77%         1
 Shock                    Conj/Air       0%         1d3       77%         1
 Slow                     Hex            0%         N/A       77%         1
 Sting                    Tmut/Pois      0%         1d3       77%         1
 Blink                    Tloc           0%         N/A       88%         2
 Call Imp                 Summ           0%         N/A       88%         2
 Cigotuvi's Dreadful Rot  Necr/Pois/Air  0%         N/A       88%         2
 Lesser Beckoning         Tloc           0%         N/A       88%         2
 Momentum Strike          Conj/Tloc      0%         3d8       88%         2
 Passwall                 Tmut/Erth      0%         N/A       88%         2
 Poisonous Vapours        Pois/Air       0%         N/A       88%         2
 Scorch                   Fire           0%         2d5       88%         2
 Sublimation of Blood     Necr           0%         N/A       88%         2
 Confusing Touch          Hex            0%         N/A       98%         3
 Dazzling Flash           Conj/Hex       0%         N/A       98%         3
 Mephitic Cloud           Conj/Pois/Air  0%         N/A       98%         3
 Stone Arrow              Conj/Erth      0%         3d7       98%         3
 Summon Guardian Golem    Hex/Summ       0%         N/A       98%         3
 Swiftness                Air            0%         N/A       98%         3
 Vampiric Draining        Necr           0%         2d6       98%         3
 Vhi's Electric Charge    Tloc/Air       0%         N/A       98%         3
 Airstrike                Air            0%         2d(0-16)  100%        4
 Anguish                  Hex/Necr       0%         N/A       100%        4
 Animate Dead             Necr           0%         N/A       100%        4
 Cause Fear               Hex            0%         N/A       100%        4
 Dispel Undead            Necr           0%         3d6       100%        4
 Flame Wave               Conj/Fire      0%         2d4       100%        4
 Leda's Liquefaction      Hex/Erth       0%         N/A       100%        4
 Olgreb's Toxic Radiance  Pois           0%         N/A       100%        4
 Petrify                  Tmut/Erth      0%         N/A       100%        4
 Summon Ice Beast         Ice/Summ       0%         N/A       100%        4
 Agony                    Necr           0%         N/A       100%        5
 Arcjolt                  Conj/Air       0%         1d10      100%        5
 Borgnjor's Vile Clutch   Necr/Erth      0%         N/A       100%        5
 Irradiate                Conj/Tmut      0%         3d11      100%        5
 Lee's Rapid Deconstruct  Erth           0%         3d4*      100%        5
 Metabolic Englaciation   Hex/Ice        0%         N/A       100%        5
 Silence                  Hex/Air        0%         N/A       100%        5
 Summon Mana Viper        Hex/Summ       0%         N/A       100%        5
 Death Channel            Necr           0%         N/A       100%        6
 Plasma Beam              Fire/Air       0%         2x1d11    100%        6
 Simulacrum               Ice/Necr       0%         N/A       100%        6
 Statue Form              Tmut/Erth      0%         N/A       100%        6
 Summon Cactus Giant      Summ           0%         N/A       100%        6
 Dragon Form              Tmut           0%         N/A       100%        7
 Enfeeble                 Hex            0%         N/A       100%        7
 Haunt                    Necr/Summ      0%         N/A       100%        7
 Monstrous Menagerie      Summ           0%         N/A       100%        7
 Orb of Destruction       Conj           0%         9d5       100%        7
 Spellforged Servitor     Conj/Summ      0%         N/A       100%        7
 Infestation              Necr           0%         N/A       100%        8
 Chain Lightning          Conj/Air       0%         N/A       100%        9
 Death's Door             Necr           0%         N/A       100%        9
 Dragon's Call            Summ           0%         N/A       100%        9
 Fire Storm               Conj/Fire      0%         5d1       100%        9
 Shatter                  Erth           0%         3d5*      100%        9


Dungeon Overview and Level Annotations

Branches:
Dungeon (15/15)            Temple (0/1) D:4            Lair (5/5) D:9
 Shoals (4/4) Lair:2       Spider (4/4) Lair:2        Slime (2/5) Lair:5
    Orc (2/2) D:9             Elf (1/3) Orc:2        Vaults (5/5) D:14
  Crypt (1/3) Vaults:2     Depths (2/4) D:15           Hell (1/1)
 Bailey (visited)           IceCv (visited)         Volcano (visited)
 WizLab (visited)         Gauntlet (visited)
    Dis: Hell:1         Geh: Hell:1         Coc: Hell:1         Tar: Hell:1

Altars:
Cheibriados
Elyvilon
Gozag
Nemelex Xobeh
Ru
Uskayaw
Vehumet
Zin
Jiyva

Shops:
D:6 =   D:7 ([   D:8 !**   D:10 (   D:14 [   Orc:1 *!**   Orc:2 *[?:
Shoals:1 *   Shoals:2 (   Shoals:3 *   Vaults:1 [   Depths:2 =::

Portals:
Hell: Depths:1 Depths:2
Abyss: Depths:1
Ziggurat: Depths:1

Annotations:
Shoals:3 KappaVara's ghost, adept DsFi
Crypt:1 Fainec's ghost, veteran GrEE; Nexecaru's ghost, veteran MiGl; Rolofrus's ghost, veteran FoFi; Upyaxum's ghost, veteran GrEE; Zoalos's ghost, veteran GrEE
Hell Geryon


Innate Abilities, Weirdness & Mutations

You have a pair of horns on your head.
You reflexively headbutt those who attack you in melee.


Message History

The air twists around and strikes you.
* * * LOW HITPOINT WARNING * * *
The putrid mouth completely misses you. You block the putrid mouth's attack.
The hell beast bites you but does no damage.
The hell beast tramples you but does no damage.
The putrid mouth misses you. You furiously retaliate!
You headbutt the putrid mouth!! The putrid mouth misses you.
The hell beast barely misses you. You furiously retaliate!
You headbutt the hell beast!! The hell beast closely misses you.
The sun demon barely misses you. The hell beast bites you!
* * * LOW HITPOINT WARNING * * *
The hell beast barely misses you.
Unknown command.
The hell beast attacks as you move away!
You block the hell beast's attack.
The hell beast tramples you but does no damage.
The putrid mouth attacks as you move away!
You block the putrid mouth's attack. The putrid mouth claws you!
* * * LOW HITPOINT WARNING * * *
The putrid mouth attacks as you move away!
The putrid mouth misses you. You furiously retaliate!
You headbutt the putrid mouth!
The putrid mouth claws you but does no damage.
A smoke demon comes into view.
* * * LOW HITPOINT WARNING * * *
You feel very sick.
The smoke demon roars!
You block the hell beast's attack.
The hell beast tramples you but does no damage.
The blizzard demon hits you but does no damage. x2
A reaper comes into view. It is wielding a +3 heavy scythe.
You block the sun demon's attack.
There is a gateway back to the Dungeon, spattered with blood here.
Things that are here:
a +1 dagger of venom; a +0 robe; a human corpse You feel a strong urge to attack something.
You are no longer berserk.
You are exhausted.
You feel as though you will be slow longer.
You die...

....................
....................
....................
≈.....°○............
≈≈....°.☼....#
≈≈≈...°C2....#
≈.≈...222&2#.#
......2WW2p.##
.~..≈.23@####
.......2....#
~≈~≈.......#.#
≈≈≈..........
≈≈...........#
≈..............
..............3.
..............2


You could see Geryon, a tainted leviathan, 6 hell beasts, a reaper, 2 putrid
mouths, 3 blizzard demons, a hell knight, a sun demon and a smoke demon.

Vanquished Creatures
  Mara (Depths:2)
  Sojobo (Vaults:3)
  Bai Suzhen (Crypt:1)
  Vv (Crypt:1)
  The ghost of Ciwiv the Executioner, a veteran FoFi of Dithmenos (Vaults:2)
  The ghost of Ciwiv the Executioner, a veteran FoFi of Dithmenos (Vaults:2)
  4 caustic shrikes (Depths:2)
  The ghost of Esecs the Devastator, a veteran GrEE of Lugonu (Vaults:2)
  Nikola (Shoals:4)
  Rupert (D:15)
  2 liches
  Murray (Depths:1)
  A kraken (Shoals:3)
  Polyphemus (Shoals:3)
  Asterion (Vaults:1)
  A tentacled starspawn (Lair:2)
  3 ancient champions
  Kirke (D:13)
  8 sphinxes
  5 tengu reavers
  2 azure jellies (Slime:1)
  4 revenants
  A fire giant (Depths:2)
  7 frost giants
  4 emperor scorpions
  14 vault wardens
  Louise (Shoals:4)
  2 orc warlords
  A caustic shrike zombie (WizLab)
  3 ghost moths (Spider:4)
  9 ironbound preservers
  3 broodmothers
  3 war gargoyles
  6 stone giants
  3 vampire knights
  9 ironbound thunderhulks
  7 very ugly things
  A putrid mouth (Hell)
  5 spark wasps
  A lorocyproca (Depths:1)
  2 minotaurs
  A spectral titan (WizLab)
  A deep elf annihilator (Vaults:4)
  2 eidola
  3 halazid warlocks (WizLab)
  5 dire elephants
  2 ettins (Depths:2)
  2 spectral quicksilver dragons (WizLab)
  Josephine (D:14)
  2 merfolk impalers
  3 entropy weavers
  7 jiangshi
  Fannar (Lair:2)
  A fire dragon (Depths:2)
  7 great orbs of eyes
  A fenstrider witch zombie (Crypt:1)
  9 hydras
  A deep elf high priest (Vaults:4)
  10 yaktaur captains
  3 rakshasas
  4 vault guards
  A catoblepas (shapeshifter) (Depths:1)
  The ghost of ZoeForever1 the Grappler, a journeyman DrTm of Qazlal (D:11)
  An ogre mage (D:14)
  2 peacekeepers
  3 jorogumos
  18 centaur warriors
  4 spriggan air magi
  A merfolk avatar (Shoals:3)
  A radroach (Spider:2)
  4 alligator snapping turtles
  7 two-headed ogres
  2 catoblepae
  9 satyrs (Shoals:4)
  7 boulder beetles
  A death knight (Crypt:1)
  3 merfolk aquamancers
  6 ironbound frosthearts
  9 death yaks
  A tengu warrior (Depths:1)
  4 deep troll earth magi
  A deep troll shaman (Depths:2)
  3 orc high priests (Orc:2)
  A titan zombie (WizLab)
  Sonja (D:10)
  4 soul eaters (Depths:1)
  A sun demon (Depths:1)
  A spriggan berserker (Depths:2)
  6 vampire magi
  5 skysharks
  4 iron trolls
  Nergalle (D:12)
  2 fire crabs (Gauntlet)
  A storm dragon zombie (Crypt:1)
  2 deep elf knights (Elf:1)
  A goliath frog (shapeshifter) (Vaults:3)
  10 pharaoh ants
  10 skeletal warriors
  2 shadow wraiths
  3 orb spiders
  A sun moth (Spider:3)
  22 deep trolls
  A deep elf archer (D:14)
  2 flayed ghosts (WizLab)
  2 glowing orange brains
  A spriggan simulacrum (IceCv)
  2 obsidian statues
  8 sea snakes
  3 spectral wolf spiders (WizLab)
  A tengu zombie (Vaults:1)
  5 orc knights
  8 phantasmal warriors
  3 bog bodies (IceCv)
  13 ironbound convokers
  2 steelbarb worms (Spider:4)
  8 wizards
  16 harpies
  A deep elf zephyrmancer (D:14)
  6 necromancers
  18 wolf spiders
  Pikel (D:4)
  8 deep elf pyromancers
  An oklob plant (Lair:5)
  33 ugly things
  6 orc sorcerers
  8 cyclopes
  A stone giant zombie (Vaults:1)
  3 spectral spriggans (WizLab)
  20 manticores
  4 fauns
  4 moths of wrath
  4 elephants (Lair:2)
  3 merfolk sirens
  A molten gargoyle (Volcano)
  11 demonic crawlers
  3 water nymphs
  18 vault sentinels
  8 torpor snails
  6 gargoyles
  10 black mambas
  13 cane toads
  3 unseen horrors
  49 yaktaurs
  8 komodo dragons
  2 efreet
  4 centaur skeletons (D:14)
  17 freezing wraiths
  A grey draconian skeleton (Crypt:1)
  A kobold demonologist (D:14)
  3 tengu conjurers
  An anaconda simulacrum (IceCv)
  3 rime drakes
  2 spectral harpies (WizLab)
  18 merfolk
  7 meliai
  7 trolls
  A golden dragon simulacrum (IceCv)
  A polar bear (shapeshifter) (D:14)
  9 wind drakes
  A raiju (Gauntlet)
  7 hornets
  2 polar bears (Lair:5)
  16 tarantellas
  42 slime creatures
  3 snapping turtles (Shoals:3)
  6 dream sheep
  5 blink frogs (Lair:5)
  12 flying skulls (WizLab)
  A jumping spider (shapeshifter) (D:13)
  17 jumping spiders
  Sigmund (D:3)
  A slime creature (shapeshifter) (D:15)
  A spriggan zombie (WizLab)
  An elf zombie (Vaults:1)
  15 spriggans
  4 fire elementals
  3 shadows
  16 culicivoras
  7 water elementals
  10 wraiths
  6 basilisks
  6 wyverns
  2 dire elephant simulacra (IceCv)
  Eustachio (D:5)
  A human (Lair:2)
  25 vampire mosquitoes
  51 yaks
  A hog (D:13)
  38 redbacks
  8 steam dragons
  2 chaos spawn (Depths:1)
  2 minotaur simulacra (IceCv)
  3 acid dragons
  3 wargs
  2 harpy simulacra (IceCv)
  A demonspawn zombie (Crypt:1)
  8 large abominations (Depths:1)
  5 hydra simulacra (IceCv)
  A demonspawn skeleton (Crypt:1)
  3 hell hounds (Gauntlet)
  An ogre skeleton (Vaults:1)
  2 glowing shapeshifter skeletons
  14 water moccasins
  An ettin simulacrum (IceCv)
  2 lindwurm zombies (Crypt:1)
  38 orc warriors
  8 alligator simulacra (IceCv)
  2 sky beasts
  5 black bears (Lair:5)
  3 ice beasts
  3 small abominations (Depths:1)
  9 boggarts
  7 ogres
  45 wolves
  An orc skeleton (Vaults:1)
  29 centaurs
  A phantom (D:3)
  3 human zombies (Vaults:1)
  11 kobold brigands
  A gnoll sergeant (D:11)
  14 bullfrogs
  An ogre simulacrum (Vaults:1)
  2 scorpions
  3 deep troll simulacra (IceCv)
  13 wights
  5 lindwurm simulacra (IceCv)
  5 killer bees
  A vampire bat (D:5)
  3 electric eels
  8 howler monkeys
  A lava snake (D:7)
  4 hounds
  4 jellies
  18 orc priests
  A gnoll bouda (D:8)
  3 sleepcaps
  A black bear skeleton (Crypt:1)
  4 iguanas
  33 orc wizards
  7 adders
  10 gnolls
  A shadow imp (D:6)
  6 white imps
  An ufetubus (D:6)
  2 worms (D:3)
  A dart slug (D:1)
  11 fire bats
  105 orcs
  2 spectral bats (D:5)
  3 ball pythons
  3 bat skeletons (D:5)
  A bat zombie (D:5)
  12 endoplasms
  5 giant cockroaches
  5 goblins
  2 hobgoblins
  7 quokkas
  13 bats
  A bat simulacrum (D:5)
  A frilled lizard (D:2)
  17 kobolds
  5 rats
  2 tentacles (Shoals:3)
1634 creatures vanquished.

Vanquished Creatures (collateral kills)
  A revenant (Crypt:1)
  A fire giant (Depths:1)
  An ironbound preserver (Vaults:4)
  2 stone giants
  2 dire elephants (Vaults:2)
  A great orb of eyes (Vaults:4)
  A merfolk impaler (Shoals:3)
  A satyr (Shoals:4)
  A deep troll earth mage (Depths:1)
  2 death yaks (Shoals:3)
  A deep troll shaman (Depths:1)
  An orc high priest (Orc:1)
  2 deep trolls
  An ironbound convoker (Vaults:4)
  A manticore (Shoals:3)
  A faun (Shoals:4)
  A troll (Orc:1)
  5 merfolk
  3 hornets (Depths:2)
  2 spriggans (Depths:2)
  A redback (Vaults:2)
  2 orc warriors (Orc:1)
  2 orc priests (Orc:1)
  An orc wizard (Orc:1)
  2 gnolls (Orc:1)
  An orc (Orc:1)
40 creatures vanquished.

Vanquished Creatures (others)
  A vampire knight (Depths:2)
  A merfolk aquamancer (Shoals:4)
  A harpy (Shoals:3)
  A manticore (Shoals:4)
  An unseen horror (D:8)
  A flying skull (WizLab)
  4 humans (D:14)
  A sky beast (D:8)
  A centaur (D:14)
  A boggart (Lair:5)
  A killer bee (D:8)
  An orc priest (Orc:2)
  An orc (D:8)
  2 starspawn tentacles (Lair:2)
  4 tentacles (Shoals:3)
22 creatures vanquished.

Grand Total: 1696 creatures vanquished

Notes
Turn   | Place    | Note
-------+----------+-------------------------------------------
     0 | D:1      | monsoonserge the Minotaur Berserker began the quest for the
                  | Orb.
     0 | D:1      | Reached XP level 1. HP: 19/19 MP: 0/0
    48 | D:1      | Reached XP level 2. HP: 27/27 MP: 1/1
   565 | D:2      | Reached ** piety under Trog
   566 | D:2      | Reached XP level 3. HP: 30/34 MP: 2/2
   603 | D:2      | Found a faded altar of an unknown god.
  1031 | D:3      | Noticed a phantom
  1042 | D:3      | Killed a phantom
  1043 | D:3      | Reached skill level 5 in Fighting
  1043 | D:3      | Reached XP level 4. HP: 29/42 MP: 3/3
  1087 | D:3      | Reached XP level 5. HP: 45/48 MP: 4/4
  1103 | D:3      | Reached skill level 5 in Axes
  1196 | D:3      | Noticed Sigmund
  1217 | D:3      | Killed Sigmund
  1218 | D:3      | Reached skill level 1 in Stealth
  1218 | D:3      | Reached XP level 6. HP: 7/58 MP: 5/5
  1548 | D:3      | Found a sparkling altar of Nemelex Xobeh.
  1548 | D:3      | Found a sacrificial altar of Ru.
  1796 | D:4      | Found a white marble altar of Elyvilon.
  2181 | D:4      | Found a staircase to the Ecumenical Temple.
  2360 | D:4      | Found a hide-covered altar of Uskayaw.
  2364 | D:4      | Reached *** piety under Trog
  2441 | D:5      | Entered Level 5 of the Dungeon
  2464 | D:5      | Noticed Pikel
  2747 | D:4      | Killed Pikel
  2748 | D:4      | Reached skill level 5 in Maces & Flails
  2748 | D:4      | Reached XP level 7. HP: 25/68 MP: 6/6
  2947 | D:5      | Noticed Eustachio
  2959 | D:5      | Killed Eustachio
  2960 | D:5      | Reached XP level 8. HP: 69/75 MP: 7/7
  3722 | D:5      | Reached **** piety under Trog
  4097 | D:6      | Found Fayjiokidi's Jewellery Shoppe.
  4354 | D:6      | Reached skill level 10 in Maces & Flails
  5080 | D:7      | Found Xefemyapp's Antique Armour Shop.
  5154 | D:7      | Reached XP level 9. HP: 82/83 MP: 8/8
  5171 | D:7      | Reached skill level 1 in Evocations
  5259 | D:7      | Found a glowing silver altar of Zin.
  5413 | D:7      | Found Waumpem's Weapon Shoppe.
  5547 | D:7      | Reached skill level 10 in Fighting
  5703 | D:7      | Noticed a troll
  5704 | D:7      | Noticed a boulder beetle
  5829 | D:6      | Killed a troll
  5834 | D:6      | Killed a boulder beetle
  5835 | D:6      | Reached XP level 10. HP: 47/94 MP: 9/9
  6007 | D:7      | Noticed a two-headed ogre
  6033 | D:7      | Noticed a cyan ugly thing
  6041 | D:7      | Killed a two-headed ogre
  6042 | D:7      | Reached skill level 5 in Armour
  6048 | D:7      | Killed a cyan ugly thing
  6056 | D:7      | Reached ***** piety under Trog
  6358 | D:7      | Reached skill level 15 in Maces & Flails
  6532 | D:7      | Noticed a gargoyle
  6539 | D:7      | Killed a gargoyle
  6748 | D:7      | Got the Exposition on Therianthropy and Effluvium
  7224 | D:8      | Found Tuakitog's General Store.
  7237 | D:8      | Found Siklopi Ypt's Distillery.
  7270 | D:8      | Reached skill level 5 in Evocations
  7271 | D:8      | Reached XP level 11. HP: 69/104 MP: 10/10
  7273 | D:8      | Bought a potion of curing for 36 gold pieces
  7392 | D:8      | Found a flagged portal.
  7398 | D:8      | Identified the +4 spear of Uskayaw's Scorn {freeze, rF+}
  7404 | Bailey   | Entered a bailey
  7619 | Bailey   | Reached skill level 1 in Throwing
  7859 | Bailey   | Received a gift from Trog
  7992 | Bailey   | Reached skill level 1 in Polearms
  8384 | D:8      | Noticed a centaur warrior
  8408 | D:8      | Killed a centaur warrior
  8429 | D:8      | Got Practicing the Power of Words
  8702 | D:8      | Noticed a six-headed hydra
  8710 | D:8      | Killed a six-headed hydra
  8898 | D:8      | Found Bafogek's General Store.
  9156 | D:9      | Found a staircase to the Lair.
  9164 | D:9      | Identified the +6 morningstar of Terra Cotta {heavy, Will+
                  | SInv}
  9177 | D:9      | Noticed a two-headed ogre
  9179 | D:9      | Killed a two-headed ogre
  9488 | D:9      | Reached XP level 12. HP: 100/116 MP: 8/11
  9782 | D:9      | Noticed a two-headed ogre
  9786 | D:9      | Killed a two-headed ogre
  9951 | D:9      | Found a staircase to the Orcish Mines.
 10072 | D:10     | Entered Level 10 of the Dungeon
 10072 | D:10     | Found Qemmieh's Antique Weapon Boutique.
 10136 | D:10     | Reached skill level 1 in Shields
 10294 | D:10     | Reached skill level 15 in Fighting
 10304 | D:10     | Reached skill level 10 in Armour
 10476 | D:10     | Noticed Sonja
 10484 | D:10     | Killed Sonja
 10497 | D:10     | Received a gift from Trog
 10775 | D:11     | Found a runed translucent door.
 10775 | D:11     | Noticed ZoeForever1's ghost (journeyman DrTm)
 11528 | D:12     | Noticed Nergalle
 11532 | D:12     | Killed Nergalle
 11739 | D:12     | Found a gate leading to a gauntlet.
 11764 | Gauntlet | Entered a Gauntlet
 11764 | Gauntlet | Found a transporter.
 11773 | Gauntlet | Found a transporter.
 11777 | Gauntlet | Found a transporter.
 11777 | Gauntlet | Found a transporter.
 11779 | Gauntlet | Found a large runed translucent door.
 11779 | Gauntlet | Found a large runed translucent door.
 11790 | Gauntlet | Found a transporter.
 11805 | Gauntlet | Found a transporter.
 11809 | Gauntlet | Noticed a hell beast
 11811 | Gauntlet | Found a transporter.
 11845 | Gauntlet | Found a large runed translucent door.
 11845 | Gauntlet | Found a large runed translucent door.
 11870 | Gauntlet | Found a transporter.
 11872 | Gauntlet | Found a transporter.
 11885 | Gauntlet | Found a transporter.
 11902 | Gauntlet | Found a transporter.
 11908 | Gauntlet | Found a transporter.
 11923 | Gauntlet | Found a transporter.
 11942 | Gauntlet | Found a transporter.
 11950 | Gauntlet | Noticed a hell beast
 11954 | Gauntlet | Found a transporter.
 11962 | Gauntlet | Found a large runed translucent door.
 11963 | Gauntlet | Found a large runed translucent door.
 11964 | Gauntlet | Found a large runed translucent door.
 11964 | Gauntlet | Found a large runed translucent door.
 11965 | Gauntlet | Found a runed translucent gate.
 11966 | Gauntlet | Found a transporter.
 11966 | Gauntlet | Found a runed translucent gate.
 11967 | Gauntlet | Found a runed translucent gate.
 11968 | Gauntlet | Found a large runed translucent door.
 11968 | Gauntlet | Found a large runed translucent door.
 11969 | Gauntlet | Found a large runed translucent door.
 11970 | Gauntlet | Found a large runed translucent door.
 11978 | Gauntlet | Found a transporter.
 11987 | Gauntlet | Noticed a quicksilver ooze
 11990 | Gauntlet | Found a transporter.
 12146 | Gauntlet | Reached XP level 13. HP: 133/136 MP: 10/12
 12181 | Gauntlet | Found a large runed translucent door.
 12181 | Gauntlet | Found a large runed translucent door.
 12181 | Gauntlet | Found a runed translucent door.
 12181 | Gauntlet | Found a runed translucent door.
 12215 | Gauntlet | Identified the +2 hat "Zoedouxuph" {Rampage rPois rN++
                  | Dex-5}
 12307 | Gauntlet | Identified the amulet "Weimm" {RegenMP Harm rPois rF-
                  | Dex+3}
 12420 | Gauntlet | Noticed a minotaur
 12423 | Gauntlet | Killed a minotaur
 13210 | Lair:1   | Entered Level 1 of the Lair of Beasts
 13314 | Lair:1   | Reached skill level 5 in Shields
 14109 | Lair:2   | Found a hole to the Spider Nest.
 14119 | Lair:2   | Noticed Fannar
 14237 | Orc:1    | Entered Level 1 of the Orcish Mines
 14237 | Orc:1    | Found a radiant altar of Vehumet.
 14243 | Orc:1    | Received a gift from Trog
 14558 | Orc:1    | Found Cosutzev's General Store.
 14559 | Orc:1    | Found Gytaim's General Store.
 14592 | Orc:1    | Bought a +0 tower shield for 58 gold pieces
 14654 | Orc:1    | Found Meru's General Store.
 14991 | Orc:1    | Found Kumuogis's Distillery.
 15001 | Orc:1    | Bought a potion of heal wounds for 60 gold pieces
 15001 | Orc:1    | Bought a potion of invisibility for 96 gold pieces
 15037 | Orc:2    | Entered Level 2 of the Orcish Mines
 15313 | Orc:2    | Received a gift from Trog
 15546 | Orc:2    | Found a staircase to the Elven Halls.
 15546 | Orc:2    | Noticed an orc warlord
 15639 | Orc:1    | Killed an orc warlord
 15859 | Orc:2    | Found Miruopp Tuph's Book Shoppe.
 15865 | Orc:2    | Reached XP level 14. HP: 116/149 MP: 9/13
 16254 | Orc:2    | Paralysed by an orc sorcerer for 5 turns
 16486 | Orc:2    | Found Rugoypa's General Store.
 16496 | Orc:2    | Found Doteis's Magic Scroll Shop.
 16500 | Orc:2    | Found Voxzaij's Antique Armour Shop.
 16520 | Orc:2    | Bought a scroll of blinking for 127 gold pieces
 16530 | Orc:2    | Bought a potion of heal wounds for 75 gold pieces
 16536 | Orc:2    | Bought a masterwork plate armour for 560 gold pieces
 16536 | Orc:2    | Identified the +7 plate armour of Snakes and Ladders {MP+9
                  | Str+3 Dex+3} (You bought it in a shop on level 2 of the
                  | Orcish Mines)
 16625 | Elf:1    | Entered Level 1 of the Elven Halls
 16863 | D:11     | Killed ZoeForever1's ghost
 16969 | D:13     | Reached skill level 10 in Shields
 18135 | D:14     | Noticed Kirke
 18138 | D:14     | Noticed a sphinx
 18149 | D:13     | Killed Kirke
 18223 | D:14     | Received a gift from Trog
 18614 | Lair:2   | Killed Fannar
 18655 | Lair:2   | Found a staircase to the Shoals.
 19027 | Lair:2   | Reached XP level 15. HP: 157/157 MP: 14/14
 19064 | Lair:2   | Found a runed translucent door.
 19068 | Lair:2   | Noticed a tentacled starspawn
 19075 | Lair:2   | Killed a tentacled starspawn
 19078 | Lair:2   | Identified the staff of cold "Upauzoj" {rF- rC+ Str+5}
 19480 | Lair:3   | Found a snail-covered altar of Cheibriados.
 19493 | Lair:3   | Received a gift from Trog
 20266 | Lair:4   | Found a dark tunnel.
 20393 | Volcano  | Entered a volcano
 20496 | Volcano  | Reached ****** piety under Trog
 20806 | Lair:4   | Identified the +2 rapier of Starshine {spect, Will++}
 21027 | Lair:5   | Entered Level 5 of the Lair of Beasts
 21044 | Lair:4   | Reached skill level 15 in Shields
 21224 | Lair:5   | Identified the +10 morningstar of Free Expression {flame,
                  | *Rage rC+++ Will++ Str-4} (Trog gifted it to you on level 5
                  | of the Lair of Beasts)
 21224 | Lair:5   | Received a gift from Trog
 21320 | Lair:5   | Found a staircase to the Slime Pits.
 21321 | Lair:5   | Found a viscous altar of Jiyva.
 22136 | Lair:5   | Reached skill level 15 in Armour
 22475 | Spider:1 | Entered Level 1 of the Spider Nest
 22564 | Spider:1 | Received a gift from Trog
 22784 | Spider:1 | Reached skill level 5 in Throwing
 23122 | Spider:1 | Reached XP level 16. HP: 168/168 MP: 15/15
 24928 | Spider:2 | Received a gift from Trog
 25462 | Spider:3 | Found the +3 salamander hide armour {Flames, rFlCloud rF++
                  | rC--}
 26034 | Spider:4 | Entered Level 4 of the Spider Nest
 28112 | Spider:4 | Got a gossamer rune of Zot
 28132 | Spider:4 | Reached XP level 17. HP: 178/178 MP: 15/16
 28508 | Shoals:1 | Entered Level 1 of the Shoals
 28627 | Shoals:1 | Received a gift from Trog
 28764 | Shoals:1 | Found Ceceho's General Store.
 28775 | Shoals:1 | Bought a potion of haste for 150 gold pieces
 29053 | Shoals:2 | Found a frozen archway.
 29292 | IceCv    | Entered an ice cave
 29591 | IceCv    | Found an ancient bone altar of Kikubaaqudgha.
 29845 | IceCv    | Noticed a lich
 29857 | IceCv    | Killed a lich
 29901 | IceCv    | Identified the ring "Ekuoxoom" {rPois rN+ Will+ Dex+2}
 30036 | Shoals:2 | Found Plog's Firing Range.
 30250 | Shoals:2 | Received a gift from Trog
 30860 | Shoals:3 | Found a runed translucent gate.
 30860 | Shoals:3 | Found a runed translucent gate.
 30860 | Shoals:3 | Found a runed translucent gate.
 30863 | Shoals:3 | Found an opulent altar of Gozag.
 30864 | Shoals:3 | Noticed KappaVara's ghost (adept DsFi)
 30865 | Shoals:3 | Found Took Ytiu's Assorted Antiques.
 30960 | Shoals:3 | Noticed Polyphemus
 30973 | Shoals:3 | Killed Polyphemus
 31292 | Shoals:3 | Noticed a kraken
 31308 | Shoals:3 | Killed a kraken
 31660 | Shoals:4 | Entered Level 4 of the Shoals
 32621 | D:14     | Noticed Josephine
 32629 | D:14     | Killed Josephine
 32657 | D:14     | Received a gift from Trog
 32760 | D:14     | Found a gate to the Vaults.
 32829 | D:14     | Found Yjaol's Antique Armour Boutique.
 33187 | D:15     | Entered Level 15 of the Dungeon
 33232 | D:15     | Noticed Rupert
 33241 | D:15     | Killed Rupert
 33242 | D:15     | Reached skill level 5 in Dodging
 33242 | D:15     | Reached XP level 18. HP: 188/188 MP: 17/17
 33738 | D:15     | Found a staircase to the Depths.
 33853 | D:15     | Found a radiant altar of Vehumet.
 34706 | Depths:1 | Entered Level 1 of the Depths
 34858 | Depths:1 | Found a gateway to Hell.
 35025 | Depths:1 | Found a one-way gateway to a ziggurat.
 35094 | Depths:1 | Received a gift from Trog
 35143 | Depths:1 | Found a one-way gate to the infinite horrors of the Abyss.
 35850 | Depths:1 | Identified the +9 chain mail "Porph" {rElec Dex+4 Slay+4}
 36214 | Depths:2 | Noticed Mara
 36676 | Vaults:1 | Entered Level 1 of the Vaults
 37332 | Vaults:1 | Received a gift from Trog
 37478 | Vaults:1 | Found Juvakhib's Armour Shoppe.
 37483 | Vaults:1 | Noticed Asterion
 37491 | Vaults:1 | Killed Asterion
 37881 | Slime:1  | Entered Level 1 of the Pits of Slime
 38721 | Shoals:4 | Received a gift from Trog
 38733 | Shoals:4 | Reached XP level 19. HP: 193/198 MP: 18/18
 38764 | Shoals:4 | Noticed Nikola
 38796 | Shoals:4 | Killed Nikola
 38977 | Shoals:4 | Identified the +9 mace "Imiecs" {antimagic, rN+ Int-3
                  | Dex+6} (Trog gifted it to you on level 4 of the Shoals)
 38977 | Shoals:4 | Received a gift from Trog
 39033 | Shoals:4 | Identified the +2 scimitar "Zefeluxi" {vamp, Will++}
 39043 | Shoals:4 | Identified the ring "Puelib" {Ice Int-2 Slay+3 Stlth+}
 39043 | Shoals:4 | Noticed Louise
 39059 | Shoals:4 | Killed Louise
 39161 | Shoals:4 | Paralysed by a sphinx for 2 turns
 39200 | Shoals:4 | Got a barnacled rune of Zot
 40465 | Vaults:2 | Found a magical portal.
 40493 | WizLab   | Entered Borgnjor's Mausoleum
 40520 | WizLab   | Received a gift from Trog
 41371 | WizLab   | Received a gift from Trog
 41391 | WizLab   | Got Gloorx Vloq's Atlas of Evil
 41393 | WizLab   | Got Borgnjor's Folio of Blasphemous Magicks
 41975 | Vaults:2 | Reached skill level 5 in Stealth
 41990 | Vaults:2 | Reached XP level 20. HP: 186/209 MP: 19/19
 42226 | Vaults:2 | Found a staircase to the Crypt.
 42723 | Crypt:1  | Entered Level 1 of the Crypt
 43455 | Vaults:3 | Received a gift from Trog
 43737 | Vaults:3 | Noticed Sojobo
 43747 | Vaults:3 | Killed Sojobo
 44588 | Vaults:4 | Received a gift from Trog
 45367 | Vaults:4 | Received a gift from Trog
 45373 | Vaults:4 | Reached skill level 27 in Shields
 45675 | Vaults:4 | Reached XP level 21. HP: 213/220 MP: 20/20
 45856 | Vaults:4 | Identified the +8 halberd of Salt {freeze, rCorr Int+3}
 46385 | Vaults:5 | Entered Level 5 of the Vaults
 46606 | Crypt:1  | Noticed Bai Suzhen
 46627 | Crypt:1  | Killed Bai Suzhen
 46748 | Crypt:1  | Found a huge runed gate.
 46748 | Crypt:1  | Found a huge runed gate.
 46748 | Crypt:1  | Found a huge runed gate.
 46748 | Crypt:1  | Found a huge runed gate.
 46748 | Crypt:1  | Found a huge runed gate.
 46748 | Crypt:1  | Found a huge runed gate.
 46748 | Crypt:1  | Found a huge runed gate.
 46748 | Crypt:1  | Found a huge runed gate.
 46750 | Crypt:1  | Found a huge runed gate.
 46750 | Crypt:1  | Found a huge runed gate.
 46757 | Crypt:1  | Found a huge runed gate.
 46757 | Crypt:1  | Found a huge runed gate.
 46757 | Crypt:1  | Found a huge runed gate.
 46757 | Crypt:1  | Found a huge runed gate.
 46757 | Crypt:1  | Found a huge runed gate.
 46761 | Crypt:1  | Found a huge runed gate.
 46787 | Crypt:1  | Received a gift from Trog
 46806 | Crypt:1  | Found a huge runed gate.
 46818 | Crypt:1  | Found a huge runed gate.
 46818 | Crypt:1  | Found a huge runed gate.
 46819 | Crypt:1  | Found a huge runed gate.
 46819 | Crypt:1  | Found a huge runed gate.
 46820 | Crypt:1  | Found a huge runed gate.
 46820 | Crypt:1  | Found a huge runed gate.
 46822 | Crypt:1  | Found a huge runed gate.
 46822 | Crypt:1  | Found a huge runed gate.
 46823 | Crypt:1  | Found a huge runed gate.
 46823 | Crypt:1  | Found a huge runed gate.
 46840 | Crypt:1  | Found a huge runed gate.
 46846 | Crypt:1  | Found a huge runed gate.
 46846 | Crypt:1  | Found a huge runed gate.
 46846 | Crypt:1  | Found a huge runed gate.
 46846 | Crypt:1  | Found a huge runed gate.
 46847 | Crypt:1  | Found a huge runed gate.
 46856 | Crypt:1  | Found a huge runed gate.
 46857 | Crypt:1  | Found a huge runed gate.
 46858 | Crypt:1  | Found a huge runed gate.
 46861 | Crypt:1  | Noticed Vv
 46883 | Crypt:1  | HP: 11/331 [Vv (26)]
 46884 | Crypt:1  | Killed Vv
 46885 | Crypt:1  | Reached skill level 1 in Ranged Weapons
 46893 | Crypt:1  | HP: 11/222 [revenant] (18)]
 47246 | Crypt:1  | Noticed Rolofrus's ghost (veteran FoFi)
 47246 | Crypt:1  | Noticed Fainec's ghost (veteran GrEE)
 47246 | Crypt:1  | Noticed Upyaxum's ghost (veteran GrEE)
 47246 | Crypt:1  | Noticed Nexecaru's ghost (veteran MiGl)
 47246 | Crypt:1  | Noticed Ciwiv's ghost (veteran FoFi)
 47246 | Crypt:1  | Noticed Ciwiv's ghost (veteran FoFi)
 47247 | Crypt:1  | Noticed Esecs's ghost (veteran GrEE)
 47248 | Crypt:1  | Noticed Zoalos's ghost (veteran GrEE)
 47298 | Vaults:2 | Killed Ciwiv's ghost
 47375 | Vaults:2 | Killed Esecs's ghost
 47402 | Vaults:2 | Killed Ciwiv's ghost
 47678 | Depths:2 | Found Cuazxute's Jewellery Emporium.
 47678 | Depths:2 | Found Wizitt's Book Boutique.
 47688 | Depths:2 | Found Ravicaff's Book Boutique.
 47722 | Depths:2 | Noticed monsoonserge's illusion
 47952 | Depths:2 | Killed Mara
 48038 | Depths:2 | Found a sacrificial altar of Ru.
 48202 | Depths:2 | Received a gift from Trog
 48504 | Depths:2 | Noticed a caustic shrike
 48505 | Depths:2 | Noticed a caustic shrike
 48505 | Depths:2 | Noticed a caustic shrike
 48506 | Depths:2 | Noticed a caustic shrike
 48516 | Depths:2 | Killed a caustic shrike
 48518 | Depths:2 | Killed a caustic shrike
 48522 | Depths:2 | Killed a caustic shrike
 48529 | Depths:2 | Killed a caustic shrike
 48923 | Hell     | Entered the Vestibule of Hell
 48923 | Hell     | Noticed Geryon
 49193 | Hell     | Noticed Murray
 49199 | Depths:1 | Reached skill level 27 in Fighting
 49310 | Depths:1 | Killed Murray
 49408 | Hell     | HP: 8/336 [putrid mouth (13)]
 49409 | Hell     | Succumbed to a putrid mouth's dark miasma

Illustrated notes

Levels and vault maps discovered:
D:1:      noname_arrival_rooms_in_the_neighbourhood, layout_rooms,
          kennysheep_decorative_pillar, fountainhead
D:2:      layout_rooms, ebering_ecumenical_altar_box
D:3:      layout_rooms, gammafunk_temple_overflow_pools, uniq_sigmund
D:4:      layout_rooms, amcnicky_altar_gilded, eat_drink_and_be_merry_uskayaw,
          minmay_temple_entry_hall, chequers_serial_rivers_room_b,
          mrwooster_statue_mirror
D:5:      layout_basic, goddamned_bats, uniq_eustachio, uniq_pikel
D:6:      layout_basic, serial_shops, shop, minmay_misc_feat_diagonals,
          nrook_mini_vaults, roderic_roman_lattice
D:7:      layout_basic, old_standard_altar, serial_shops, shop,
          kennysheep_diamond, minmay_the_grid_2x2 [minmay_the_grid_medium_cups,
          minmay_the_grid_odd_star, minmay_the_grid_minigrid_medium,
          minmay_the_grid_prize_big_room]
D:8:      nzn_winding_woodlands_large [nzn_winding_woodlands_5x5_default,
          nzn_winding_woodlands_5x15_zeroes,
          nzn_winding_woodlands_5x5_perimeter,
          nzn_winding_woodlands_center_diamonds,
          nzn_winding_woodlands_15x15_boxy_spiral,
          nzn_winding_woodlands_center_pierced_h,
          nzn_winding_woodlands_5x5_closed_star,
          nzn_winding_woodlands_5x15_garden, nzn_winding_woodlands_5x5_three],
          layout_rooms, enter_bailey_2, serial_shops, kennysheep_mini, shop,
          shop, dreamdust_gnoll_shepherd
D:9:      layout_roguey, dpeg_oklobed_lair, david_orc_4, kennysheep_path_1
D:10:     layout_cave_pools, nicolae_stop_n_shop_1, uniq_sonja
D:11:     layout_loops_ring, ebering_ghost_inner_flame
D:12:     layout_cave_pods, gauntlet_entry_generic, uniq_nergalle
D:13:     layout_stronghold, minmay_diced_spiral
D:14:     layout_irregular_city, hangedman_vaults_entry_quadrant_bands,
          grunt_decor_junction, serial_shops, shop, uniq_josephine, uniq_kirke
D:15:     gammafunk_enter_depths_forms, layout_grid_maze,
          nicolae_vehumet_radiance, uniq_rupert
Lair:1:   layout_loops_ring, serial_bayou_shore_b, grunt_megastairs_2
Lair:2:   layout_roguey, elwin_shoals_entry_rooms,
          nicolae_spider_entry_lesser_pyramids, pdpol_lair_cabin_in_the_woods,
          lemuel_fruit_fields, infiniplex_staircase_pool, uniq_fannar
Lair:3:   layout_misc_corridors, kennysheep_snail_temple
Lair:4:   layout_loops_ring, nicolae_volcano_entry_hallway, grunt_megastairs_5
Lair:5:   minmay_lair_end_enchanted_forest, layout_gridlike, slime_entry_1,
          lemuel_old_faithful
Shoals:1: layout_shoals, serial_shops, shop
Shoals:2: layout_shoals, portal_ice_cave_entry_ugly_swarm,
          nicolae_shop_firing_range
Shoals:3: layout_shoals, ebering_ghost_gozag, uniq_polyphemus
Shoals:4: shoals_end_hellmonk_lost_city, uniq_louise, uniq_nikola
Spider:1: layout_spider_delve, nicolae_spider_paper_wasps
Spider:2: layout_spider_delve, nicolae_spider_wall_of_niches
Spider:3: layout_spider_delve, einodemon_crawler_minivault,
          nicolae_spider_cling_halls
Spider:4: grunt_spider_rune_parallel
Slime:1:  layout_caves
Slime:2:  layout_caves
Orc:1:    nicolae_orc_accident_2, layout_caves, serial_shops, shop,
          nicolae_shop_stone, shop_fountains, nicolae_shop_tiny_statue_garden,
          basic_altar
Orc:2:    st_orc_elflike, layout_caves, nicolae_orc_lava_room
Elf:1:    layout_loops_corners, serial_shops, shop, hangedman_corner_corridor,
          uniq_roxanne, uniq_aizul
Vaults:1: ontoclasm_vaults_gateway, nicolae_vaults_network_quincunx
          [nicolae_vaults_network_quincunx_subvault,
          nicolae_vaults_network_quincunx_subvault,
          nicolae_vaults_network_quincunx_subvault,
          nicolae_vaults_network_quincunx_subvault,
          nicolae_vaults_network_quincunx_subvault],
          hangedman_vaults_river_flow, hangedman_vaults_snaps,
          nicolae_vaults_house_3, nicolae_vaults_trapezoid_3,
          nicolae_vaults_little_squares_3, nicolae_vaults_security_offices_6,
          ontoclasm_vaults_loading_screen, v_misc_16, layout_vaults_omnibox,
          serial_shops, nicolae_shop_rolling_square, uniq_asterion
Vaults:2: infiniplex_enter_wizlab_water, v_pattern_1, vaults_mumra_minichess,
          minmay_crypt_entry_simple_corners, ontoclasm_vaults_decontamination,
          grunt_vaults_diagonal, layout_vaults_omnigrid
Vaults:3: grunt_vaults_focal, nicolae_vaults_closet_pinwheel_6, st_more_cells,
          vaults_room_fancy_cross, v_misc_2, nicolae_vaults_stepped_doors,
          vaults_dpeg_encased_lava, nicolae_vaults_two_Ls, v_misc_33,
          v_alt_pattern_1, nicolae_vaults_little_squares_6,
          vaults_room_large_hall, layout_vaults_maze_bifur, serial_glass,
          uniq_sojobo
Vaults:4: st_star, nicolae_vaults_house_2, nicolae_vaults_storage_room_glass,
          ontoclasm_vaults_claustrophobia, vaults_room_hallway,
          nicolae_vaults_triangles, hangedman_vaults_maws,
          nicolae_vaults_closet_pinwheel_1, nicolae_vaults_layer_cake_slice,
          nicolae_vaults_layer_cake_slice, nicolae_vaults_little_squares_5,
          layout_vaults_ring
Vaults:5: serial_shops
Crypt:1:  layout_rooms, gammafunk_ghost_door_vault, uniq_vv, uniq_bai_suzhen
Depths:1: layout_cave_pools, enter_ziggurat_e, hell_entry,
          minmay_room_of_horrors, hangedman_decor_points,
          minmay_misc_feat_secret_circle, grunt_megastairs_3
Depths:2: grunt_bent_corner, layout_twisted_cross, rand_demon_pan_entry_7,
          hangedman_ru_absence, hell_entry, onia_ninara_cookie,
          minmay_shop_grove, uniq_mara
Hell

Skill      XL: |  1  2  3  4  5  6  7  8  9 10 11 12 13 14 15 16 17 18 19 20 21 |
---------------+----------------------------------------------------------------+-----
Axes           | 4 5 |  5.1
Fighting       | 4 5 6 8 9 10 11 13 18 20 21 22 23 24 25 27 | 27.0
Dodging        | 3 4 5 7 8 9 |  9.5
Stealth        | 1 2 4 5 |  5.1
Maces & Flails | 5 6 11 13 15 16 17 19 | 19.4
Armour         | 3 4 7 9 11 13 14 15 16 17 18 19 | 19.3
Evocations     | 3 5 6 |  6.3
Throwing       | 1 5 6 |  6.0
Polearms       | 4 |  4.8
Shields        | 4 8 13 16 19 21 23 25 27 | 27.0
Ranged Weapons | 2 |  2.0

Action                     |  1- 3 |  4- 6 |  7- 9 | 10-12 | 13-15 | 16-18 | 19-21 || total
---------------------------+-------+-------+-------+-------+-------+-------+-------++-------
  Melee: Hand axe          |    82 |    78 |       |       |       |       |       ||   160
         Headbutt          |    15 |    19 |    46 |    89 |   153 |   298 |   293 ||   913
         Punch             |     3 |     2 |     3 |       |       |       |       ||     8
         Flail             |       |    22 |       |       |       |       |       ||    22
         Whip              |       |       |   165 |       |       |       |       ||   165
         Dire flail        |       |       |    56 |   178 |       |       |       ||   234
         Spear             |       |       |       |   107 |       |       |       ||   107
         Great mace        |       |       |       |    84 |       |       |       ||    84
         Morningstar       |       |       |       |   219 |   929 |  1231 |  1058 ||  3437
  Throw: Boomerang         |       |       |       |     5 |       |       |       ||     5
         Dart              |       |       |       |    15 |     4 |       |       ||    19
         Javelin           |       |       |       |       |       |     2 |       ||     2
 Invoke: Berserk           |       |     1 |     3 |     3 |     2 |     2 |     3 ||    14
         Trog's Hand       |       |       |       |       |     4 |     1 |     2 ||     7
         Brothers in Arms  |       |       |       |       |     3 |     4 |     8 ||    15
  Evoke: Lightning rod     |       |       |       |     3 |       |     3 |       ||     6
         Box of beasts     |       |       |       |       |       |     1 |     1 ||     2
    Use: Scroll            |       |       |       |     9 |    10 |    12 |     1 ||    32
         Potion            |       |       |       |       |       |     1 |     3 ||     4
   Stab: Sleeping          |       |       |     5 |       |       |       |       ||     5
         Distracted        |       |       |       |       |     2 |       |       ||     2
 Armour: Animal skin       |    23 |     4 |       |       |       |       |       ||    27
         Leather armour    |       |    10 |    42 |       |       |       |       ||    52
         Plate armour      |       |       |    10 |    67 |   348 |   414 |       ||   839
         Crystal plate arm |       |       |       |   275 |   242 |       |       ||   517
         Chain mail        |       |       |       |       |       |    86 |   440 ||   526
  Dodge: Dodged            |    53 |    55 |   120 |   376 |   455 |   491 |   545 ||  2095
         Repelled          |       |       |       |       |       |     9 |    10 ||    19
  Block: Buckler           |       |       |       |    51 |     8 |       |       ||    59
         Tower shield      |       |       |       |       |   814 |  1704 |  1583 ||  4101
         Kite shield       |       |       |       |       |    69 |       |       ||    69
         Reflection        |       |       |       |       |    21 |    58 |   127 ||   206
